Zazza, neutral female human Tourist ------- |.....| ---------------- |.....| ##...............| |.....| ------ # |..............| ##......| |....| ### |..............| # -----.- ---------- |....| # |..............| ### # ##.........| |<...| # ---|------------ # # # |........| -.---- # ######################### ### ### ####+........| #### # # --.---# # # |........| # # ### |....|# ### ### |.....{..| ### # # |..>.|# # # ---------- # # # ----------.-- ##.....|# ## ### ---|-# |...........| # |....-# --------|-# |...|# |...........-#### ------ |..`..(..|# |...|# |...........| # # |.......@|# |...-# ------------- |.......f|# ----- |........|# ---------- Zazza the Rambler Experience level: 1 Strength: 12 Dexterity: 10 Constitution: 17 Intelligence: 14 Wisdom: 10 Charisma: 17 Health: 10(10) Energy: 2(2) Def: 7 Gold: 712 Moves: 1912 Dungeon seed: Kdw7JnEpLDQv-K_Q Game ID: Zazza_1619554415 Your Inventory: Coins $ - 712 gold pieces Weapons a - 22 +2 darts (in quiver) t - a +0 orcish dagger J - the +0 Giantslayer U - a cursed -1 dagger (weapon in hand) Armor e - an uncursed +0 Hawaiian shirt q - a blessed +0 dwarvish mithril-coat (being worn) r - an uncursed +0 helm of telepathy (being worn) Comestibles c - 2 uncursed eggs d - 2 uncursed pears f - 5 uncursed food rations g - 3 uncursed tripe rations w - an uncursed partly eaten lichen corpse Scrolls j - 2 uncursed scrolls of magic mapping o - a cursed scroll of enchant weapon s - an uncursed scroll of remove curse N - an uncursed scroll of taming O - an uncursed scroll of create monster Q - a blessed scroll of stinking cloud Potions i - 2 uncursed potions of extra healing R - an uncursed potion of speed Rings p - an uncursed ring of protection from shape changers P - a cursed ring of hunger S - an uncursed ring of poison resistance Tools k - an expensive camera (0:39) l - an uncursed credit card Gems n - an uncursed luckstone y - an uncursed worthless piece of red glass Spells and supernatural/magical abilities: Name Level Category Fail Memory W - pray for help -- divine ? -- Your skills at the end: Fighting Skills Weapon Skills dart [Basic] Spellcasting Skills Final Attributes: You were stridently aligned. You were telepathic. You were lucky. You had extra luck. Bad luck did not time out for you. Good luck did not time out for you. You survived. Vanquished creatures: a yellow mold a green mold 3 geckos 4 jackals a kobold a goblin a sewer rat 6 grid bugs 6 lichens 4 kobold zombies 3 newts 31 creatures vanquished. Voluntary challenges: You were an atheist. You used a wielded weapon 2 times, starting on turn 1420. You read items or engraved 5 times, starting on turn 741. You never genocided any monsters. You never polymorphed an object. You never changed form. You used no wishes. You never split a pudding. You never wrote Elbereth's name. You never violated your personal moral code. Dungeon overview: The Dungeons of Doom: levels 1 to 4 Level 1 a fountain a long staircase Level 2 a weapon shop, some fountains stairs to The Gnomish Mines Level 3 Level 4 <- You were here a fountain The Gnomish Mines: Level 3 stairs to The Dungeons of Doom History has recorded: On T:1 you entered the Dungeons of Doom to retrieve the Amulet of Yendor! On T:442 you reached level 2 of The Dungeons of Doom. On T:559 you reached level 3 of The Dungeons of Doom. On T:1164 you reached level 1 of The Gnomish Mines. On T:1655 you reached level 4 of The Dungeons of Doom. Score breakdown: Gold: 420 ( 8926 points) Experience: 1 level ( 0 points) Exploration: 4 levels ( 7.69%) ( 7276 points) Discoveries: 7 items ( 2.35%) ( 4597 points) Valuables value: (no points given unless you survive) Artifact value: 200 ( 7834 points) Variety of kills: 11 monsters ( 2.89%) ( 5097 points) Turncount: 1912 turns ( 0 points) Survival: quit (score multiplied by 90%) Total score: 30357 Latest messages: There is nothing here to pick up. You stop. Armand is in the way! You displace Armand. You stop. Armand is in the way! You are beginning to feel weak. This lichen corpse tastes terrible! You don't feel so weak now. You finish eating the lichen corpse. This lichen corpse tastes terrible! You finish eating the lichen corpse. You displace Armand. The door opens. You see here a dagger. Armand bites the green mold. The green mold is killed! Armand is splashed by its acid! U - a dagger. The dagger welds itself to your hand! You see here an expensive camera. You displace Armand. There are a few objects here. Final status: Aloha Zazza the Tourist, quit... You quit in The Dungeons of Doom on dungeon level 4 with 30357 points, and 712 pieces of gold, after 1912 moves. You were level 1 with a maximum of 10 hit points when you quit.